 Dungeon Crawl Stone Soup version 0.26.1-10-gdfb7c7de75 (webtiles) character file.

Game seed: 8753966425637783546

585 ytrimaz the Covert (level 7, 0/33 HPs)
             Began as a Spriggan Brigand on Apr 3, 2021.
             Slain by a phantom (9 damage)
             ... on level 5 of the Dungeon.
             The game lasted 00:11:43 (7362 turns).

ytrimaz the Covert (Spriggan Brigand)               Turns: 7362, Time: 00:11:43

Health: 0/33       AC:  4    Str:  7    XL:     7   Next: 15%
Magic:  8/8        EV: 21    Int: 12    God:
Gold:   222        SH:  0    Dex: 20    Spells: 6/6 levels left

rFire    . . .     SeeInvis +   n - +3 dagger (venom)
rCold    . . .     Faith    .   (shield restricted)
rNeg     . . .     Spirit   .   b - +1 robe
rPois    .         Reflect  .   (helmet restricted)
rElec    .         Harm     .   c - +0 cloak
rCorr    +         Rampage  .   (gloves unavailable)
Will     +....                  (boots unavailable)
Stlth    +++++.....             (no amulet)
HPRegen  0.11/turn              f - ring of resist corrosion
MPRegen  0.11/turn              (no ring)

@: very quick
A: very small, unfitting armour, see invisible, speed 3
a: no special abilities


You were on level 5 of the Dungeon.
You visited 1 branch of the dungeon, and saw 5 of its levels.

You collected 222 gold pieces.

Inventory:

Hand Weapons
 n - a +3 dagger of venom (weapon)
 r - a +1 vampiric dagger
 y - a +3 dagger
Missiles
 d - 7 poisoned darts (quivered)
 e - 2 curare-tipped darts
Armour
 b - a +1 robe (worn)
 c - a +0 cloak (worn)
Jewellery
 f - a ring of resist corrosion (left hand)
 x - an uncursed amulet of faith
Wands
 w - a wand of polymorph (3)
Scrolls
 g - 2 scrolls of enchant armour
 h - 5 scrolls of identify
 k - a scroll of fear
 l - 2 scrolls of remove curse
 v - 2 scrolls of blinking {unknown}
Potions
 i - a potion of might
 j - a potion of curing {unknown}
 m - a potion of invisibility {unknown}
 o - a potion of ambrosia
 p - 2 potions of resistance {unknown}
 q - a potion of magic {unknown}
 s - a potion of degeneration {unknown}
 t - a potion of heal wounds {unknown}
 u - a potion of brilliance {unknown}


   Skills:
 + Level 1.6 Fighting
 * Level 5.3 Short Blades
 - Level 2.0 Throwing
 * Level 5.0 Dodging
 + Level 9.9 Stealth


You had 6 spell levels left.
You didn't know any spells.
Your spell library contained the following spells:

 Spells                   Type           Power        Failure   Level
 Magic Dart               Conj           0%           32%         1
 Searing Ray              Conj           0%           45%         2
 Dazzling Flash           Conj/Hex       0%           69%         3
 Fulminant Prism          Conj/Hex       0%           97%         4
 Iskenderun's Mystic Bla  Conj/Tloc      0%           97%         4


Dungeon Overview and Level Annotations

Branches:
Dungeon (5/15)
 Temple: D:4-7

Altars:
Elyvilon


Innate Abilities, Weirdness & Mutations

You are very small and have problems with some larger weapons.
You are too small for most types of armour.
You have supernaturally acute eyesight. (SInv)
You cover ground extremely quickly.


Message History

a +0 mace; an orc corpse The phantom blinks!
There is an open door here.
There is an open door here.
You closely miss the phantom. The phantom hits you.
The phantom blinks!
The centaur shouts!
The phantom hits you.
You hit the phantom.
The phantom is lightly damaged.
The centaur wields a +0 shortbow.
The centaur shoots an arrow.
The arrow hits you. The phantom completely misses you.
You closely miss the phantom.
The phantom is lightly damaged.
The centaur shoots an arrow.
The arrow hits you!
* * * LOW HITPOINT WARNING * * *
You closely miss the phantom.
The phantom is lightly damaged.
The centaur shoots an arrow.
The arrow closely misses you.
The arrow hits the phantom.
The phantom hits you!
You die...

.#.............. #...........
.#.......##########..........#
.'........(.....))((...).....'
##........######)##..........#
#......#.........#..........#
##......#.........############
........#.........#
...#######.#####W## ...# #..
#@# ...# ##.# #.# ...# .. #.#
...# #.# #.# ###### .. #'#
..[..# #............. .....#
#.....c....### .....#
#..........# .....#
#..........#


You could see a phantom and a centaur.

Vanquished Creatures
  Sigmund (D:5)
  A sky beast (D:5)
  A scorpion (D:4)
  A howler monkey (D:4)
  A hound (D:5)
  2 orc wizards
  A worker ant (D:5)
  A worker ant zombie (D:5)
  5 adders
  An ooze (D:2)
  A worm (D:3)
  2 dart slugs
  2 leopard geckos
  10 orcs
  6 bats
  4 giant cockroaches
  8 goblins
  5 hobgoblins
  2 jackals (D:4)
  A quokka (D:2)
  A ball python (D:2)
  2 frilled lizards
  4 kobolds
  4 rats
67 creatures vanquished.

Notes
Turn   | Place    | Note
-------+----------+-------------------------------------------
     0 | D:1      | ytrimaz the Spriggan Brigand began the quest for the Orb.
     0 | D:1      | Reached XP level 1. HP: 10/10 MP: 2/2
    55 | D:1      | Reached skill level 6 in Stealth
   370 | D:1      | Reached XP level 2. HP: 9/14 MP: 3/3
  3354 | D:2      | Reached skill level 7 in Stealth
  3354 | D:2      | Reached XP level 3. HP: 11/18 MP: 4/4
  4149 | D:3      | Reached XP level 4. HP: 22/22 MP: 5/5
  4267 | D:3      | Found a white marble altar of Elyvilon.
  5513 | D:4      | Reached skill level 8 in Stealth
  5649 | D:4      | Reached XP level 5. HP: 22/25 MP: 6/6
  6736 | D:5      | Entered Level 5 of the Dungeon
  6753 | D:5      | Noticed a phantom
  6930 | D:5      | Noticed a centaur
  6984 | D:5      | Noticed a sky beast
  6988 | D:5      | Killed a sky beast
  6989 | D:5      | Reached skill level 9 in Stealth
  6989 | D:5      | Reached XP level 6. HP: 28/30 MP: 7/7
  7002 | D:5      | Noticed Sigmund
  7081 | D:5      | Killed Sigmund
  7082 | D:5      | Reached skill level 5 in Short Blades
  7082 | D:5      | Reached XP level 7. HP: 15/33 MP: 8/8
  7310 | D:5      | Reached skill level 5 in Dodging
  7362 | D:5      | Slain by a phantom

Illustrated notes

Levels and vault maps discovered:
D:1:      wander_arrival_estate, layout_basic
D:2:      layout_basic
D:3:      layout_loops_ring, elyvilon_altar_1
D:4:      layout_loops_cross, minmay_misc_feat_cross
D:5:      layout_basic, fedhas_altar_1, chequers_temple_overflow_minitemple,
          uniq_sigmund

Skill      XL: |  1  2  3  4  5  6  7 |
---------------+----------------------+-----
Stealth        | 6 7 8 9 |  9.9
Dodging        | 2 3 4 5 |  5.0
Short Blades   | 3 4 5 |  5.3
Fighting       | |  1.6
Throwing       | |  2.0

Action                   |  1- 3 |  4- 6 |  7- 9 || total
-------------------------+-------+-------+-------++-------
Melee: Dagger            |    65 |   131 |    20 ||   216
Throw: Dart              |     2 |     7 |       ||     9
  Use: Scroll            |     3 |     3 |       ||     6
       Potion            |     1 |       |       ||     1
 Stab: Sleeping          |    13 |    10 |       ||    23
       Distracted        |     1 |       |       ||     1
Armor: Robe              |     9 |    17 |     1 ||    27
Dodge: Dodged            |    26 |    65 |    18 ||   109
